 Dungeon Crawl Stone Soup version 0.20.1-1-g8b1a95d (webtiles) character file.

61880 defa the Eclecticist (level 14, -2/68 HPs)
             Began as a Deep Elf Conjurer on Aug 26, 2017.
             Was a Priest of Sif Muna.
             Killed from afar by a wizard (68 damage)
             ... with a crystal spear
             ... on level 14 of the Dungeon.
             The game lasted 02:32:38 (31752 turns).

defa the Eclecticist (Deep Elf Conjurer)           Turns: 31752, Time: 02:32:39

Health: -2/68      AC:  8    Str:  5    XL:     14   Next: 62%
Magic:  9/36       EV: 25    Int: 26    God:    Sif Muna [***...]
Gold:   1467       SH:  0    Dex: 23    Spells: 22/45 levels left

rFire    + . .     SeeInvis .   J - +7 dagger of Dipaojag {freeze, Dex+8}
rCold    . . .     Gourm    .   (no shield)
rNeg     . . .     Faith    .   Z - +1 robe {rF+}
rPois    +         Spirit   .   (no helmet)
rElec    .         Reflect  .   G - +0 cloak
rCorr    .         Harm     .   y - +2 pair of gloves
MR       +....                  U - +0 pair of boots
Stlth    ++++++....             (no amulet)
Regen    0.3/turn               j - ring of poison resistance
MPRegen  0.3/turn               R - +2 ring of evasion

@: no status effects
A: no striking features
a: Divine Energy, Channel Magic, Renounce Religion


You were on level 14 of the Dungeon.
You worshipped Sif Muna.
Sif Muna was most pleased with you.
You were near starving.

You visited 4 branches of the dungeon, and saw 22 of its levels.

You collected 1512 gold pieces.
You spent 45 gold pieces at shops.

Inventory:

Hand Weapons
 J - the +7 dagger of Dipaojag (weapon) {freeze, Dex+8}
   (You found it on level 4 of the Dungeon)

   It has been specially enchanted to freeze those struck by it, causing extra
   injury to most foes and up to half again as much damage against particularly
   susceptible opponents.
   It can also slow down cold-blooded creatures.
   It affects your dexterity (+8).
Missiles
 B - 340 arrows
Armour
 y - a +2 pair of gloves (worn)
 G - a +0 cloak (worn)
 U - a +0 pair of boots (worn)
 Z - a +1 robe of fire resistance (worn)
Jewellery
 j - a ring of poison resistance (left hand)
 l - an uncursed ring of protection from cold
 D - an uncursed ring of fire
 P - a cursed -3 ring of intelligence {unknown}
 R - a +2 ring of evasion (right hand)
Wands
 h - a wand of scattershot (3/9)
 u - a wand of iceblast (9/15)
 w - a wand of digging (20/24)
 A - a wand of flame (19/48)
 F - a wand of iceblast (4/15)
 M - a wand of acid (1/15)
 Y - a wand of confusion (28/48)
Scrolls
 f - 3 scrolls of amnesia
 k - 3 scrolls of enchant armour
 m - 6 scrolls of teleportation
 r - a scroll of random uselessness
 s - 5 scrolls of enchant weapon
 C - a scroll of holy word
 I - 3 scrolls of recharging
 K - a scroll of blinking
 L - a scroll of fog
 N - a scroll of acquirement {unknown}
 O - a scroll of identify
 V - 6 scrolls of remove curse
Potions
 d - a potion of flight
 e - 11 potions of curing
 g - 2 potions of invisibility
 i - 4 potions of haste
 n - a potion of might
 o - 3 potions of heal wounds
 p - 2 potions of agility
 t - a potion of cancellation
 x - a potion of brilliance
 z - a potion of magic
 H - 3 potions of ambrosia
Books
 b - a book of Conjurations

   Spells                             Type                      Level
   a - Magic Dart                     Conjuration                  1
   b - Searing Ray                    Conjuration                  2
   c - Dazzling Spray                 Conjuration/Hexes            3
   d - Fulminant Prism                Conjuration/Hexes            4
   e - Force Lance                    Conjuration/Translocation    4
   f - Iskenderun's Mystic Blast      Conjuration                  4
 q - Zuka's Incunabulum of Freezing Evil Secrets
   (Sif Muna gifted it to you on level 11 of the Dungeon)

   Spells                             Type                      Level
   a - Ozocubu's Armour               Charms/Ice                   3
   b - Cigotuvi's Embrace             Necromancy                   5
   c - Glaciate                       Conjuration/Ice              9
 S - Sif Muna's Grimoire of Enthralling Ignition
   (Sif Muna gifted it to you on level 4 of the Lair of Beasts)

   Spells                             Type                      Level
   a - Dazzling Spray                 Conjuration/Hexes            3
   b - Spectral Weapon                Hexes/Charms                 3
   c - Portal Projectile              Hexes/Translocation          3
   d - Inner Flame                    Hexes/Fire                   3
   e - Ring of Flames                 Charms/Fire                  7
 T - Sif Muna's Compendium of Conjuration and Execration
   (Sif Muna gifted it to you on level 1 of the Lair of Beasts)

   Spells                             Type                      Level
   a - Confusing Touch                Hexes                        1
   b - Throw Flame                    Conjuration/Fire             2
   c - Iskenderun's Mystic Blast      Conjuration                  4
   d - Fireball                       Conjuration/Fire             5
   e - Bolt of Fire                   Conjuration/Fire             6
   f - Discord                        Hexes                        8
Comestibles
 a - a royal jelly
 c - 12 bread rations
 v - 10 meat rations
 E - 2 chunks of flesh
 Q - 2 fruits


   Skills:
 + Level 12.0 Dodging
 + Level 12.7 Stealth
 * Level 16.0 Spellcasting
 * Level 14.0 Conjurations
 + Level 10.3 Fire Magic
 + Level 10.2 Invocations


You had 22 spell levels left.
You knew the following spells:

 Your Spells              Type           Power        Failure   Level  Hunger
a - Magic Dart            Conj           ####         0%          1    None
b - Searing Ray           Conj           ######       0%          2    None
c - Dazzling Spray        Conj/Hex       ######       1%          3    None
d - Iskenderun's Mystic   Conj           #######.     1%          4    None
e - Force Lance           Conj/Tloc      ######..     1%          4    None
f - Fulminant Prism       Conj/Hex       ######....   1%          4    None
g - Fireball              Conj/Fire      ######....   1%          5    None


Dungeon Overview and Level Annotations

Branches:
Dungeon (14/15)            Temple (1/1) D:7            Lair (5/6) D:9
  Swamp (0/4) Lair:3       Spider (0/4) Lair:4          Orc (2/2) D:11
  Slime: Lair:5-6       Elf: Orc:2       Vaults: D:13-14

Altars:
Ashenzari
Cheibriados
Dithmenos
Elyvilon
Fedhas
Gozag
Hepliaklqana
Kikubaaqudgha
Makhleb
Nemelex Xobeh
Okawaru
Qazlal
Ru
Sif Muna
Trog
Uskayaw
Vehumet
Xom
Yredelemnul
Zin
The Shining One

Shops:
D:8 !   D:10 !

Portals:
Trove: D:12 (give 18 potions of curing)

Annotations:
D:4 Edmund


Message History

Confirm with . or Enter, or press ? or * to list all spells.
Aiming: Searing Ray
Press: ? - help, Shift-Dir - straight line The searing ray misses the human. (Press . to maintain the ray.)
The human closely misses you.
The searing ray hits the human.
The human is severely wounded.
The searing ray misses the wizard.
The searing ray hits the human.
The human is almost dead.
The searing ray hits the wizard.
The wizard is heavily wounded.
The searing ray hits the human.
You kill the human!
Sif Muna accepts your kill.
You finish channeling your searing ray.
The wizard points at you and mumbles some strange words.
The crystal spear hits you!
Ouch! That really hurt!
You die...

#.# #.# #.# #.#
#.# #######.## #.#
#...?)#... #.#
+....(#... #.#
+..⌠..#..# #.#
+.....#..# #.#
?p...#..#
#@########'''##..#
#.p†.)...††......#
##########.......#
#########


You could see a wizard.

Vanquished Creatures
  Agnes (D:14)
  An entropy weaver (Lair:4)
  The ghost of zx48k the Fighter, a journeyman CeFi of Okawaru (Lair:5)
  Harold (D:11)
  2 hydras
  2 centaur warriors
  7 two-headed ogres
  An orc high priest (Orc:1)
  An unseen horror (D:11)
  A wizard (D:14)
  A deep elf mage (D:13)
  An orc knight (Orc:1)
  2 manticores
  An orc sorcerer (Orc:1)
  3 oklob plants
  A cyclops (D:11)
  9 ugly things
  5 centaur zombies
  10 elephants (Lair:4)
  A kobold demonologist (D:11)
  7 komodo dragons
  11 spiny frogs
  3 rime drakes
  7 polar bears
  5 trolls
  3 hornets
  13 blink frogs
  6 slime creatures (D:12)
  12 hippogriffs
  11 dream sheep (Lair:5)
  A meliai zombie (D:14)
  3 wyverns
  2 shadows
  5 basilisks
  26 yaks
  A fire elemental (Lair:2)
  8 humans (D:14)
  A hungry ghost (D:12)
  5 wargs (Orc:1)
  A soldier ant (D:11)
  17 water moccasins
  An ice beast (D:12)
  10 porcupines
  A hornet zombie (D:3)
  11 orc warriors
  3 black bears
  A phantom (D:9)
  A necrophage (D:11)
  6 wolves
  An eye of draining (D:12)
  8 ogres
  The ghost of Berahthraban the Insei, an amateur HuTm (D:3)
  9 centaurs
  13 crocodiles
  2 big kobolds
  17 bullfrogs
  A water moccasin zombie (D:7)
  A wyvern skeleton (D:14)
  A scorpion (D:7)
  4 killer bees (D:12)
  8 wights
  7 electric eels
  3 howler monkeys
  7 crimson imps
  4 bullfrog zombies
  2 quasits
  3 jellies
  10 hounds
  A gnoll shaman (D:4)
  8 orc priests
  6 centaur skeletons
  11 orc wizards
  2 bullfrog skeletons
  2 iguanas
  Terence (D:2)
  12 worker ants
  Ijyb (D:4)
  2 hound skeletons
  4 worker ant zombies
  Robin (D:4)
  5 gnolls (D:4)
  7 adders
  5 shadow imps
  An adder skeleton (D:7)
  An adder zombie (D:7)
  2 worms
  3 leopard geckos
  66 orcs
  2 ball pythons (D:2)
  16 giant cockroaches
  15 goblins
  12 hobgoblins
  9 jackals
  14 kobolds
  3 quokkas
  8 bats
  3 frilled lizards
  A jackal skeleton (D:4)
  A jackal zombie (D:5)
  6 rats
  2 fungi
  6 plants
575 creatures vanquished.

Vanquished Creatures (others)
  152 fulminant prisms
  9 fungi
  23 plants
184 creatures vanquished.

Grand Total: 759 creatures vanquished

Notes
Turn   | Place    | Note
-------+----------+-------------------------------------------
     0 | D:1      | defa the Deep Elf Conjurer began the quest for the Orb.
     0 | D:1      | Reached XP level 1. HP: 10/10 MP: 6/6
   465 | D:1      | Reached XP level 2. HP: 15/15 MP: 6/8
   472 | D:1      | Learned a level 2 spell: Searing Ray
  1257 | D:2      | Reached XP level 3. HP: 19/19 MP: 6/10
  1373 | D:2      | Found an opulent altar of Gozag.
  1449 | D:2      | Noticed Terence
  1701 | D:2      | Killed Terence
  1701 | D:2      | Reached skill level 4 in Spellcasting
  1701 | D:2      | Reached skill level 5 in Conjurations
  1701 | D:2      | Reached XP level 4. HP: 17/24 MP: 4/12
  2012 | D:3      | Noticed Berahthraban's ghost (amateur HuTm)
  2031 | D:3      | Learned a level 3 spell: Dazzling Spray
  2036 | D:3      | Learned a level 4 spell: Iskenderun's Mystic Blast
  2251 | D:3      | Found a deep blue altar of Sif Muna.
  2259 | D:3      | Became a worshipper of Sif Muna the Loreminder
  3075 | D:4      | Reached XP level 5. HP: 28/28 MP: 8/14
  3138 | D:4      | Noticed Edmund
  3270 | D:4      | Reached skill level 5 in Spellcasting
  3588 | D:4      | Reached skill level 1 in Invocations
  3636 | D:4      | Noticed Ijyb
  3645 | D:4      | Killed Ijyb
  3808 | D:4      | Reached XP level 6. HP: 32/32 MP: 7/15
  4301 | D:4      | Got a crystal dagger
  4302 | D:4      | Identified the +7 dagger of Dipaojag {freeze, Dex+8} (You found it on level 4 of the Dungeon)
  4524 | D:5      | Entered Level 5 of the Dungeon
  4781 | D:4      | Noticed Robin
  4792 | D:4      | Killed Robin
  4798 | D:4      | Reached * piety under Sif Muna
  5010 | D:3      | Killed Berahthraban's ghost
  5010 | D:3      | Reached skill level 6 in Spellcasting
  5010 | D:3      | Reached XP level 7. HP: 36/36 MP: 7/18
  5527 | D:4      | Learned a level 4 spell: Force Lance
  5532 | D:4      | Learned a level 4 spell: Fulminant Prism
  6066 | D:5      | Got a scorched spear
  6629 | D:6      | Reached skill level 7 in Spellcasting
  6629 | D:6      | Reached XP level 8. HP: 41/41 MP: 14/20
  6729 | D:6      | Reached skill level 5 in Stealth
  6908 | D:6      | Reached skill level 5 in Dodging
  6929 | D:6      | Found a hide-covered altar of Uskayaw.
  6932 | D:6      | Found an iron altar of Okawaru.
  6935 | D:6      | Found a sparkling altar of Nemelex Xobeh.
  7207 | D:7      | Reached ** piety under Sif Muna
  7956 | D:7      | Reached skill level 8 in Spellcasting
  8322 | D:7      | Noticed a hippogriff
  8355 | D:7      | Killed a hippogriff
  8421 | D:7      | Reached XP level 9. HP: 45/45 MP: 17/23
  8484 | D:7      | Found a stormy altar of Qazlal.
  8619 | D:7      | Found a staircase to the Ecumenical Temple.
  8641 | Temple   | Entered the Ecumenical Temple
  9100 | D:8      | Reached skill level 9 in Spellcasting
  9604 | D:8      | Reached *** piety under Sif Muna
 10194 | D:8      | Reached skill level 5 in Invocations
 10403 | D:8      | Reached skill level 10 in Spellcasting
 10573 | D:8      | Found Lefis's Distillery.
 10581 | D:8      | Bought a potion of curing for 45 gold pieces
 11022 | D:9      | Reached XP level 10. HP: 43/50 MP: 21/26
 11023 | D:9      | Reached skill level 10 in Conjurations
 11151 | D:8      | Reached **** piety under Sif Muna
 11936 | D:9      | Found a staircase to the Lair.
 12063 | D:9      | Found a hazy altar of Hepliaklqana.
 12111 | D:10     | Entered Level 10 of the Dungeon
 12131 | D:10     | Found Maisoz's Distillery.
 12167 | D:10     | Noticed a two-headed ogre
 12177 | D:10     | Killed a two-headed ogre
 12177 | D:10     | Reached skill level 11 in Spellcasting
 13729 | D:11     | Noticed Harold
 13763 | Lair:1   | Entered Level 1 of the Lair of Beasts
 13930 | D:9      | Noticed a two-headed ogre
 13937 | D:9      | Killed a two-headed ogre
 13937 | D:9      | Reached ***** piety under Sif Muna
 13937 | D:9      | Reached skill level 12 in Spellcasting
 13937 | D:9      | Reached XP level 11. HP: 50/54 MP: 8/29
 15333 | Lair:1   | Identified Sif Muna's Compendium of Conjuration and Execration (Sif Muna gifted it to you on level 1 of the Lair of Beasts)
 15333 | Lair:1   | Received a gift from Sif Muna
 15341 | Lair:1   | Learned a level 5 spell: Fireball
 15440 | Lair:1   | Reached skill level 1 in Fire Magic
 16454 | Lair:2   | You fall through a shaft!
 16523 | Lair:4   | Found a hole to the Spider Nest.
 16722 | Lair:4   | Reached skill level 13 in Spellcasting
 16949 | Lair:3   | Noticed an oklob plant
 16949 | Lair:3   | Noticed an oklob plant
 17132 | Lair:2   | Reached skill level 10 in Stealth
 17211 | Lair:2   | Reached XP level 12. HP: 54/59 MP: 11/31
 17837 | Lair:2   | Reached skill level 5 in Fire Magic
 18536 | Lair:3   | Noticed a five-headed hydra
 18546 | Lair:3   | Killed a five-headed hydra
 18557 | Lair:3   | Reached skill level 10 in Dodging
 19097 | Lair:3   | Found a staircase to the Swamp.
 19755 | Lair:4   | Noticed an eight-headed hydra
 19760 | Lair:4   | Killed an eight-headed hydra
 20349 | Lair:4   | Identified Sif Muna's Grimoire of Enthralling Ignition (Sif Muna gifted it to you on level 4 of the Lair of Beasts)
 20349 | Lair:4   | Received a gift from Sif Muna
 20472 | Lair:4   | Reached skill level 14 in Spellcasting
 21001 | Lair:4   | Noticed an entropy weaver
 21007 | Lair:4   | Killed an entropy weaver
 21007 | Lair:4   | Reached XP level 13. HP: 63/63 MP: 17/33
 23056 | Lair:5   | Noticed zx48k's ghost (journeyman CeFi)
 23108 | Lair:5   | Killed zx48k's ghost
 23316 | Lair:1   | Identified the cursed +1 spear "Meke" {flame, *Corrode +Blink Int-2 Dex+8} (You found it on level 5 of the Dungeon)
 23414 | D:11     | Killed Harold
 24117 | D:11     | Found a staircase to the Orcish Mines.
 24525 | D:11     | Identified Zuka's Incunabulum of Freezing Evil Secrets (Sif Muna gifted it to you on level 11 of the Dungeon)
 24525 | D:11     | Received a gift from Sif Muna
 24875 | D:12     | Found a portal to a secret trove of treasure.
 25888 | D:14     | Reached skill level 15 in Spellcasting
 27702 | D:12     | Reached XP level 14. HP: 68/68 MP: 21/35
 29148 | D:14     | Noticed Agnes
 29163 | D:14     | Killed Agnes
 29255 | D:14     | Reached skill level 10 in Fire Magic
 29420 | D:14     | Reached skill level 10 in Invocations
 29758 | Orc:1    | Entered Level 1 of the Orcish Mines
 29786 | Orc:2    | Entered Level 2 of the Orcish Mines
 31261 | D:11     | Reached skill level 16 in Spellcasting
 31752 | D:14     | Killed from afar by a wizard

Skill      XL: |  1  2  3  4  5  6  7  8  9 10 11 12 13 14 |
---------------+-------------------------------------------+-----
Stealth        | 3 4 5 7 8 10 11 12 | 12.7
Spellcasting   | 4 5 6 7 8 10 12 13 14 15 16 | 16.0
Conjurations   | 5 6 7 8 9 11 12 13 14 | 14.0
Dodging        | 3 4 5 6 7 9 10 11 12 | 12.0
Invocations    | 1 2 3 4 5 6 7 8 9 10 | 10.2
Fire Magic     | 4 7 9 10 | 10.3

Action                   |  1- 3 |  4- 6 |  7- 9 | 10-12 | 13-15 || total
-------------------------+-------+-------+-------+-------+-------++-------
Melee: Unarmed           |    19 |       |       |       |     9 ||    28
       Short sword       |    20 |    21 |       |       |       ||    41
       Dagger            |       |    22 |    47 |    17 |     4 ||    90
 Cast: Magic Dart        |    58 |    67 |    69 |    84 |    78 ||   356
       Searing Ray       |     1 |    23 |    53 |    63 |    75 ||   215
       Iskenderun's Myst |       |     2 |    19 |    77 |   161 ||   259
       Dazzling Spray    |       |       |     8 |    38 |    46 ||    92
       Fulminant Prism   |       |       |     3 |    73 |    76 ||   152
       Force Lance       |       |       |     2 |     9 |    55 ||    66
       Fireball          |       |       |       |    15 |     7 ||    22
Invok: Channel Magic     |       |       |       |     2 |     6 ||     8
       Divine Energy     |       |       |       |       |     1 ||     1
       Stop Divine Energ |       |       |       |       |     1 ||     1
  Use: Scroll            |       |    12 |     2 |       |    14 ||    28
       Potion            |       |       |       |       |     2 ||     2
 Stab: Sleeping          |     2 |     3 |    15 |     6 |     6 ||    32
       Distracted        |       |       |       |       |     1 ||     1
  Eat: Chunk             |     2 |     8 |    14 |    24 |    22 ||    70
       Royal jelly       |       |     1 |     2 |     3 |     3 ||     9
       Fruit             |       |     1 |     1 |     2 |     1 ||     5
       Meat ration       |       |       |       |       |     1 ||     1
Armor: Robe              |     9 |    15 |    15 |    11 |    23 ||    73
Dodge: Dodged            |    26 |    46 |   100 |   143 |   209 ||   524
